 Dungeon Crawl Stone Soup version 0.29.1-15-g9cfb28693d (webtiles) character file.

Game seed: 15006155496786035795

72 Heoruswealwe the Trooper (level 4, -2/41 HPs)
             Began as a Minotaur Fighter on Mar 18, 2023.
             Was an Initiate of the Shining One.
             Slain by an ogre
             ... wielding a +0 giant club
              (25 damage)
             ... on level 3 of the Dungeon.
             The game lasted 00:22:46 (1850 turns).

Heoruswealwe the Trooper (Minotaur Fighter)         Turns: 1850, Time: 00:22:47

Health: -2/41      AC:  7    Str: 22    XL:     4   Next: 7%
Magic:  3/3        EV:  9    Int: 11    God:    the Shining One [......]
Gold:   3          SH:  4    Dex: 10    Spells: 3/3 levels left

rFire   . . .      SeeInvis .   a - +0 war axe
rCold   . . .      Faith    .   c - +0 buckler
rNeg    . . .      Spirit   .   b - +0 scale mail
rPois   .          Reflect  .   (helmet restricted)
rElec   .          Harm     .   (no cloak)
rCorr   .          Rampage  .   (no gloves)
Will    .....                   (no boots)
Stlth   ..........              (no amulet)
HPRegen 0.13/turn               l - +6 ring of intelligence
MPRegen 0.08/turn               (no ring)

@: glowing
A: horns 2, retaliatory headbutt
a: Renounce Religion


You were on level 3 of the Dungeon.
You worshipped the Shining One.
The Shining One was noncommittal.
You visited 1 branch of the dungeon, and saw 3 of its levels.

You collected 85 gold pieces.
You spent 82 gold pieces at shops.

Inventory:

Hand Weapons
 a - a +0 war axe (weapon)
Armour
 b - a +0 scale mail (worn)
 c - a +0 buckler (worn)
Jewellery
 l - a +6 ring of intelligence (left hand)
Scrolls
 e - a scroll of fog {unknown}
 f - a scroll of summoning
 j - a scroll of enchant armour {unknown}
Potions
 d - a potion of might
 g - a potion of degeneration {unknown}
 h - a potion of haste {unknown}
 i - a potion of ambrosia
 k - 2 potions of heal wounds {unknown}


   Skills:
 + Level 4.4 Fighting
 + Level 3.3 Axes
 + Level 4.3 Armour
 + Level 4.3 Shields


You had 3 spell levels left.
You didn't know any spells.
Your spell library contained the following spells:

 Spells                   Type           Power      Damage    Failure   Level
 Poisonous Vapours        Pois/Air       0%         N/A       87%         2
 Frozen Ramparts          Ice            0%         1d1       98%         3
 Corpse Rot               Necr/Pois/Air  0%         N/A       100%        4
 Ice Form                 Ice/Tmut       0%         N/A       100%        4
 Summon Ice Beast         Ice/Summ       0%         N/A       100%        4


Dungeon Overview and Level Annotations

Branches:
Dungeon (3/15)

Altars:
The Shining One

Shops:
D:2 *


Innate Abilities, Weirdness & Mutations

You have a pair of horns on your head.
You reflexively headbutt those who attack you in melee.


Message History

The quokka barely misses you.
A rat comes into view.
You barely miss the quokka.
The quokka is moderately wounded.
The quokka bites you.
The quokka bites you but does no damage.
You closely miss the quokka. Your headbutt misses the quokka.
The quokka is moderately wounded.
You hit the quokka.
You kill the quokka!
The quokka barely misses you.
You have reached level 4!
You feel agile.
You hit the quokka.
You kill the quokka!
A kobold comes into view. It is wielding a +0 whip.
The kobold shouts!
You barely miss the rat. The rat bites you but does no damage.
You hit the rat but do no damage. You headbutt the rat.
You kill the rat!
A goblin comes into view. It is wielding a +0 dagger.
The goblin shouts!
You see here a rat corpse.
An ogre comes into view. It is wielding a +0 giant club.
You hit the kobold.
You kill the kobold!
Things that are here:
a +0 whip; a kobold corpse You slash the goblin!
You kill the goblin!
Things that are here:
a +0 dagger; a goblin corpse You slash the ogre!
The ogre is moderately wounded.
You block the ogre's attack.
You hit the ogre.
The ogre is heavily wounded.
The ogre hits you with a +0 giant club!!
Ouch! That really hurt!
You die...

###. ........ . #. ....
......# .#
####.###.####.#.#.###.#.
........>.............#.
......................#.
..............(.......#.
......................#.
.......O................
.......@)†..............
........................
......................#.
......................#.
....<.................#.
......................#.
......................#.
........................
.........†)†...


You could see an ogre.

Vanquished Creatures
  2 adders
  3 worms (D:2)
  A dart slug (D:3)
  An orc (D:3)
  3 bats
  3 endoplasms
  3 giant cockroaches
  6 goblins
  A hobgoblin (D:3)
  3 quokkas (D:3)
  5 ball pythons
  3 frilled lizards
  4 kobolds
  5 rats
43 creatures vanquished.

Vanquished Creatures (others)
  11 plants (D:2)
11 creatures vanquished.

Grand Total: 54 creatures vanquished

Notes
Turn   | Place    | Note
-------+----------+-------------------------------------------
     0 | D:1      | Heoruswealwe the Minotaur Fighter began the quest for the
                  | Orb.
     0 | D:1      | Reached XP level 1. HP: 19/19 MP: 0/0
   600 | D:1      | Gained mutation: Your system is resistant to poisons.
                  | (rPois) [potion of mutation]
   600 | D:1      | Lost mutation: Your system is resistant to poisons. (rPois)
                  | [potion of mutation]
   643 | D:2      | Reached XP level 2. HP: 24/27 MP: 1/1
   668 | D:2      | Found Kantieps's General Store.
  1105 | D:2      | Bought a scroll of magic mapping for 82 gold pieces
  1258 | D:2      | Reached XP level 3. HP: 28/33 MP: 2/2
  1643 | D:3      | Found a glowing golden altar of the Shining One.
  1651 | D:3      | Became a worshipper of the Shining One
  1839 | D:3      | Reached XP level 4. HP: 22/41 MP: 3/3
  1844 | D:3      | Noticed an ogre
  1850 | D:3      | Slain by an ogre

Illustrated notes

Levels and vault maps discovered:
D:1:      roderic_crossed_star, layout_loops_cross, minivault_14,
          minmay_misc_feat_secret_circle, minmay_3d_cube
D:2:      layout_loops_ring, serial_shops, shop, serial_bayou_pond_a
D:3:      layout_basic, marbit_many_paths

Skill      XL: |  1  2 |
---------------+-------+-----
Fighting       | 4 |  4.4
Armour         | 4 |  4.3
Shields        | 4 |  4.3
Axes           | 3 |  3.3

Action                   |  1- 3 |  4- 6 || total
-------------------------+-------+-------++-------
Melee: War axe           |   115 |     7 ||   122
       Headbutt          |    25 |     1 ||    26
  Use: Potion            |     5 |       ||     5
       Scroll            |     5 |       ||     5
Armor: Scale mail        |    37 |     1 ||    38
Dodge: Dodged            |    28 |       ||    28
Block: Buckler           |    19 |     1 ||    20
